 Dungeon Crawl Stone Soup version 0.17-a0-1718-g72dbe4d (webtiles) character file.

23 Yloidan the Charlatan (level 2, 0/21 HPs)
             Began as a Demonspawn Artificer on Aug 26, 2015.
             Was an Initiate of Gozag.
             Killed from afar by Ijyb (11 damage)
             ... with a wand of flame
             ... on level 2 of the Dungeon.
             The game lasted 00:07:12 (1155 turns).

Yloidan the Charlatan (Demonspawn Artificer)        Turns: 1155, Time: 00:07:12

Health: 0/21       AC:  7    Str: 11    XL:     2   Next: 72%
Magic:  4/4        EV:  6    Int: 13    God:    Gozag
Gold:   31         SH:  6    Dex: 13    Spells: 0 memorised, 1 level left

rFire  . . .     SeeInvis .     a - +0 short sword
rCold  + . .     Clarity  .     k - +0 scale mail
rNeg   . . .     SustAt   .     p - +0 shield
rPois  .         Gourm    .     (helmet restricted)
rElec  .         Spirit   .     m - +0 cloak
rCorr  .         Warding  .     (no gloves)
rMut   .         Stasis   .     (no boots)
MR     +....                    (no amulet)
Stlth  ..........               n - ring of protection from magic
                                l - ring of protection from cold

@: somewhat resistant to hostile enchantments, extremely unstealthy
A: horns 1
a: Potion Petition, Call Merchant, Bribe Branch, Renounce Religion


You were on level 2 of the Dungeon.
You worshipped Gozag.
Gozag was noncommittal.
You were hungry.

You visited 1 branch of the dungeon, and saw 2 of its levels.

You collected 49 gold pieces.
You paid 18 gold pieces to Gozag.

Inventory:

Hand weapons
 a - a +0 short sword (weapon)
Missiles
 i - 11 stones (quivered)
Armour
 b - a +0 leather armour
 g - a +0 robe
 h - a +0 robe
 j - a +0 ring mail
 k - a +0 scale mail (worn)
 m - a +0 cloak (worn)
 p - a +0 shield (worn)
Jewellery
 l - a ring of protection from cold (left hand)
 n - a ring of protection from magic (right hand)
Magical devices
 c - a wand of flame (14)
 d - a wand of enslavement (15)
 e - a wand of random effects (15)
Comestibles
 f - 4 bread rations


   Skills:
 + Level 1.4 Fighting
 + Level 0.8 Short Blades
 + Level 0.5 Armour
 + Level 2.2 Dodging
 + Level 0.8 Stealth
 + Level 3.4 Evocations


You had one spell level left.
You didn't know any spells.

Dungeon Overview and Level Annotations

Branches:
Dungeon (2/15)

Altars:
Gozag

Annotations:
D:2 Ijyb


Innate Abilities, Weirdness & Mutations

You have a pair of small horns on your head.


Message History

You finish putting on your +0 cloak.
As you open the door, it creaks loudly!
Ijyb the Twisted Goblin comes into view.
Ijyb shouts!
Ijyb zaps a wand.
The puff of flame hits you!
It is a wand of flame.
Found a spear and a ring mail.
There is an open door here.
Ijyb hits you.
You hit Ijyb.
Ijyb is lightly wounded.
Ijyb hits you.
Your shield prevents you from hitting Ijyb.
Ijyb is lightly wounded.
Ijyb zaps a wand.
The puff of flame misses you.
You hit Ijyb but do no damage.
Ijyb is lightly wounded.
Ijyb zaps a wand.
The puff of flame hits you!
Ouch! That really hurt!
You die...
Your body crumbles into a pile of gold.

...............>..........#
#.#.#####.##.####.........#
..#.# #.##..............#
###.# #.##+####.........#
###.. ..#[..# ##.......##
#.### ###.....# ##.....##
...## .......####....#####
#...####
........##.........#
.......+
......g@'.......##.#
#...####
........##.#...###.# #..##
.......###.##...##.# #.##
#.)...# #.####.##.# #.#
##...# #.# #.##.# #.###
##+# #.####.##.# #...# #.#
#.........# ###.# #.#
######.#### #.# ##.### #.#


You could see Ijyb.

Vanquished Creatures
  A worm (D:2)
  A bat (D:1)
  5 giant cockroaches
  2 hobgoblins (D:1)
  3 jackals (D:1)
  2 kobolds (D:1)
  2 ball pythons (D:1)
  A giant newt (D:1)
  2 goblins (D:1)
19 creatures vanquished.

Notes
Turn   | Place    | Note
--------------------------------------------------------------
     0 | D:1      | Yloidan the Demonspawn Artificer began the quest for the Orb.
     0 | D:1      | Reached XP level 1. HP: 15/15 MP: 3/3
   554 | D:1      | Gained mutation: You have a pair of small horns on your head. [demonic ancestry]
   554 | D:1      | Reached XP level 2. HP: 21/21 MP: 4/4
   984 | D:2      | Found an opulent altar of Gozag.
  1000 | D:2      | Became a worshipper of Gozag Ym Sagoz the Greedy
  1150 | D:2      | Noticed Ijyb
  1155 | D:2      | Killed from afar by Ijyb

Vault maps used:
D:1:      eino_arrival_druids_welcome
D:2:      grunt_gozag_breadcrumbs, uniq_terence, uniq_iyjb

Action                   || total
-------------------------++-------
Melee: Short sword       ||   114
Evoke: Wand              ||     1
  Use: Scroll            ||     2
